 Dungeon Crawl Stone Soup version 0.25-a0-41-g6cf4ce537d (webtiles) character file.

Game seed: 15228109920880957343, levelgen mode: deterministic

9312 Mort the Grappler (level 11, -7/111 HPs)
             Began as a Troll Necromancer on Oct 21, 2019.
             Was an Elder of Okawaru.
             Mangled by a troll (11 damage)
             ... on level 10 of the Dungeon.
             The game lasted 00:28:51 (8913 turns).

Mort the Grappler (Troll Necromancer)               Turns: 8913, Time: 00:28:52

Health: -7/111     AC:  9    Str: 18    XL:     11   Next: 21%
Magic:  11/11      EV: 10    Int: 14    God:    Okawaru [****..]
Gold:   498        SH: 10    Dex: 10    Spells: 11/12 levels left

rFire    + . .     SeeInvis .     - Unarmed
rCold    . . .     Gourm    +   u - +0 shield
rNeg     + . .     Faith    .   e - +2 robe {rF+}
rPois    .         Spirit   .   (helmet restricted)
rElec    .         Reflect  .   g - +0 cloak
rCorr    .         Harm     .   (gloves unavailable)
MR       +....                  (boots unavailable)
Stlth    +.........             p - amulet of the acrobat
HPRegen  0.68/turn              o - ring of protection from magic
MPRegen  0.12/turn              A - ring of positive energy

@: lethally poisoned (-7 -> -8), slowed, very slow
A: large, unfitting armour, claws 3, fast metabolism 3, gourmand, regeneration
1, shaggy fur 1, tough skin 3
a: Heroism, Renounce Religion


You were on level 10 of the Dungeon.
You worshipped Okawaru.
Okawaru was greatly pleased with you.
You were completely stuffed.

You visited 2 branches of the dungeon, and saw 11 of its levels.

You collected 498 gold pieces.

Inventory:

Hand Weapons
 b - a +0 hunting sling
 G - a +1 scimitar of flaming
Missiles
 d - 47 poisoned darts (quivered)
 j - 156 arrows
 q - 5 javelins
 t - 259 stones
 H - a throwing net
Armour
 a - a +0 robe
 e - a +2 robe of fire resistance (worn)
 g - a +0 cloak (worn)
 u - a +0 shield (worn)
Jewellery
 o - a ring of protection from magic (left claw)
 p - an amulet of the acrobat (around neck)
 A - a ring of positive energy (right claw)
 I - a cursed amulet of inaccuracy {unknown}
 J - an uncursed ring of protection from cold
Scrolls
 i - 5 scrolls of teleportation
 m - 2 scrolls of magic mapping {unknown}
 n - 6 scrolls of remove curse
 r - a scroll of enchant armour {unknown}
 s - a scroll of blinking
 y - a scroll of random uselessness {unknown}
 z - a scroll of fear {unknown}
 B - 3 scrolls of amnesia {unknown}
 C - a scroll of holy word {unknown}
Potions
 f - a potion of might
 h - a potion of resistance
 k - a potion of heal wounds
 l - 2 potions of cancellation
 v - a potion of mutation
 x - 2 potions of brilliance
 D - 3 potions of degeneration {unknown}
 E - a potion of curing {unknown}
Comestibles
 c - 21 rations
 F - 4 chunks of flesh


   Skills:
 - Level 8.0 Fighting
 - Level 1.5 Dodging
 - Level 1.0 Stealth
 - Level 9.0 Shields
 + Level 10.2 Unarmed Combat
 - Level 1.2 Spellcasting
 - Level 3.2 Necromancy


You had 11 spell levels left.
You knew the following spells:

 Your Spells              Type           Power        Failure   Level  Hunger
a - Pain                  Necr           ##..         7%          1    ##.....

Your spell library contained the following spells:

 Spells                   Type           Power        Failure   Level  Hunger
 Animate Skeleton         Necr           N/A          7%          1    ##.....
 Vampiric Draining        Necr           ##........   21%         3    ####...
 Beastly Appendage        Tmut           #.....       26%         1    ##.....
 Magic Dart               Conj           #...         26%         1    ##.....
 Searing Ray              Conj           #.....       36%         2    ###....
 Sticks to Snakes         Tmut           #.......     36%         2    ###....
 Regeneration             Chrm/Necr      #.........   36%         3    ####...
 Animate Dead             Necr           N/A          56%         4    #####..
 Dazzling Spray           Conj/Hex       #.....       61%         3    ####...
 Spider Form              Tmut/Pois      #.........   61%         3    ####...
 Force Lance              Conj/Tloc      #.......     95%         4    #####..
 Fulminant Prism          Conj/Hex       #.........   95%         4    #####..
 Ice Form                 Ice/Tmut       #.......     95%         4    #####..
 Iskenderun's Mystic Bla  Conj           #.......     95%         4    #####..
 Blade Hands              Tmut           #.........   100%        5    ######.


Dungeon Overview and Level Annotations

Branches:
Dungeon (10/15)            Temple (1/1) D:7             Orc (0/2) D:10
   Lair: D:8-11

Altars:
Ashenzari
Cheibriados
Dithmenos
Elyvilon
Fedhas
Gozag
Hepliaklqana
Kikubaaqudgha
Makhleb
Nemelex Xobeh
Okawaru
Qazlal
Ru
Sif Muna
Trog
Uskayaw
Vehumet
Wu Jian
Xom
Yredelemnul
Zin
The Shining One
Lugonu

Shops:
D:5 (   D:8 %

Annotations:
D:9 1 runed translucent door, beardedkeet's ghost, novice HOFi


Innate Abilities, Weirdness & Mutations

You are too large for most types of armour.
You have claws for hands.
Your metabolism is lightning-fast.
You like to eat raw meat.
Your natural rate of healing is unusually fast.
You are covered in fur. (AC +1)
You have extremely tough skin. (AC +3)


Message History

You shrug off the repeated paralysis!
The hound barely misses you. The hornet stings you.
You are more poisoned.
You feel as though you will be slow longer.
A jelly comes into view.
The jelly quivers.
You claw the hornet!
You kill the hornet!
Okawaru accepts your kill.
You feel sick.
The hound bites you but does no damage. x2
You mangle the troll!!
The troll is heavily wounded.
You feel sick. The troll bites you!
* * * LOW HITPOINT WARNING * * *
The troll claws you!
* * * LOW HITPOINT WARNING * * *
You block the troll's attack. The hound misses you. The troll bites you!
* * * LOW HITPOINT WARNING * * *
The troll claws you!
You die...

# #. .### J>. #.###
# #.).# ####
#.###.#.##.....
#..<))#@.%....#
.....###..Th†...#.#
### #.....##....#
l....###.......#
#.### #.##..... #
#.. .... .#.. .## #
### #


You could see a troll, a hound and a jelly.

Vanquished Creatures
  Erica (D:8)
  2 two-headed ogres
  Pikel (D:4)
  Grinder (D:5)
  2 hornets
  A hippogriff (D:7)
  Sigmund (D:4)
  2 wyverns (D:9)
  A hungry ghost (D:8)
  2 soldier ants (D:8)
  A water moccasin (D:9)
  Duvessa (D:6)
  4 orc warriors
  3 ice beasts
  2 sky beasts
  A black bear (D:9)
  A phantom (D:8)
  A necrophage (D:7)
  6 centaurs
  2 ogres
  3 big kobolds
  3 bullfrogs (D:9)
  A gnoll sergeant (D:9)
  3 scorpions
  Dowan (D:6)
  9 killer bees
  6 howler monkeys
  A centaur zombie (D:5)
  6 crimson imps
  3 jellies
  3 gnoll shamans (D:5)
  5 orc priests
  2 hounds
  2 centaur skeletons
  3 iguanas
  A bullfrog skeleton (D:5)
  9 orc wizards
  6 worker ants
  A hound skeleton (D:5)
  3 hound zombies (D:5)
  5 worker ant zombies
  57 gnolls
  11 adders
  3 shadow imps
  An adder zombie (D:7)
  An adder skeleton (D:7)
  A worm (D:2)
  5 dart slugs
  7 leopard geckos
  33 orcs
  4 giant cockroaches
  6 goblins
  15 hobgoblins
  20 jackals
  6 quokkas
  A ball python (D:1)
  5 bats
  5 frilled lizards
  28 kobolds
  2 quokka skeletons (D:4)
  7 rats
330 creatures vanquished.

Notes
Turn   | Place    | Note
-------+----------+-------------------------------------------
     0 | D:1      | Mort the Troll Necromancer began the quest for the Orb.
     0 | D:1      | Reached XP level 1. HP: 16/16 MP: 1/1
    42 | D:1      | Reached skill level 1 in Unarmed Combat
   120 | D:1      | Reached XP level 2. HP: 16/24 MP: 2/2
   222 | D:1      | Reached skill level 2 in Unarmed Combat
   723 | D:1      | Reached XP level 3. HP: 31/31 MP: 3/3
   911 | D:2      | Reached skill level 3 in Unarmed Combat
  1088 | D:2      | Found a shattered altar of Ashenzari.
  1257 | D:2      | Found a glowing golden altar of the Shining One.
  1259 | D:2      | Found an ancient bone altar of Kikubaaqudgha.
  1283 | D:2      | Reached XP level 4. HP: 39/39 MP: 4/4
  1371 | D:2      | Found a shimmering blue altar of Sif Muna.
  1371 | D:2      | Found a blossoming altar of Fedhas.
  1372 | D:2      | Found a basalt altar of Yredelemnul.
  1549 | D:3      | Found a stormy altar of Qazlal.
  1583 | D:3      | Reached skill level 4 in Unarmed Combat
  1617 | D:3      | Found a snail-covered altar of Cheibriados.
  1730 | D:3      | Reached XP level 5. HP: 33/45 MP: 5/5
  2336 | D:4      | Noticed Pikel
  2336 | D:4      | Noticed a slave
  2336 | D:4      | Noticed a slave
  2336 | D:4      | Noticed a slave
  2383 | D:4      | Noticed a slave
  2384 | D:4      | Killed Pikel
  2384 | D:4      | Reached skill level 7 in Unarmed Combat
  2384 | D:4      | Reached XP level 6. HP: 42/53 MP: 6/6
  2384 | D:4      | Reached XP level 7. HP: 47/59 MP: 7/7
  2451 | D:4      | Reached skill level 1 in Shields
  2758 | D:4      | Noticed Sigmund
  2765 | D:4      | Killed Sigmund
  3002 | D:5      | Entered Level 5 of the Dungeon
  3094 | D:5      | Found Vuilups's Weapon Shoppe.
  3160 | D:5      | Reached XP level 8. HP: 56/67 MP: 8/8
  3379 | D:5      | Noticed Grinder
  3509 | D:5      | Killed Grinder
  3509 | D:5      | Reached skill level 5 in Shields
  4086 | D:5      | Found a bloodstained altar of Trog.
  4197 | D:5      | Reached XP level 9. HP: 74/74 MP: 9/9
  4974 | D:6      | Noticed Dowan
  4983 | D:6      | Noticed Duvessa
  4985 | D:6      | Killed Dowan
  5010 | D:6      | Killed Duvessa
  5223 | D:6      | Found an ornate altar of the Wu Jian Council.
  5597 | D:7      | Reached skill level 1 in Fighting
  5597 | D:7      | Reached skill level 8 in Unarmed Combat
  5602 | D:7      | Found a glowing silver altar of Zin.
  5605 | D:7      | Found a staircase to the Ecumenical Temple.
  6064 | Temple   | Entered the Ecumenical Temple
  6262 | D:7      | Found a burning altar of Makhleb.
  6331 | D:7      | Found an iron altar of Okawaru.
  6338 | D:7      | Became a worshipper of Warmaster Okawaru
  6402 | D:7      | Reached XP level 10. HP: 79/91 MP: 10/10
  6691 | D:7      | Found a shadowy altar of Dithmenos.
  6779 | D:8      | Found a sparkling altar of Nemelex Xobeh.
  6840 | D:8      | Reached skill level 9 in Unarmed Combat
  6995 | D:8      | Found Depocor's Food Shop.
  7056 | D:8      | Reached * piety under Okawaru
  7374 | D:8      | Noticed a two-headed ogre
  7395 | D:8      | Killed a two-headed ogre
  7508 | D:8      | Noticed Erica
  7517 | D:8      | Killed Erica
  7517 | D:8      | Reached ** piety under Okawaru
  7517 | D:8      | Reached skill level 5 in Fighting
  7580 | D:8      | Reached skill level 10 in Unarmed Combat
  7794 | D:9      | Found a runed translucent door.
  7816 | D:9      | Noticed beardedkeet's ghost (novice HOFi)
  8195 | D:9      | Reached *** piety under Okawaru
  8272 | D:9      | Noticed a two-headed ogre
  8283 | D:9      | Killed a two-headed ogre
  8283 | D:9      | Reached XP level 11. HP: 77/109 MP: 11/11
  8288 | D:9      | Reached **** piety under Okawaru
  8458 | D:9      | Paralysed by a hornet for 2 turns
  8814 | D:10     | Entered Level 10 of the Dungeon
  8878 | D:10     | Found a staircase to the Orcish Mines.
  8905 | D:10     | Paralysed by a hornet for 3 turns
  8909 | D:10     | Paralysed by a hornet for 2 turns
  8913 | D:10     | HP: 4/111 [troll (10)]
  8913 | D:10     | Mangled by a troll

Levels and vault maps discovered:
D:1:      lightli_arrival_windingriver, layout_loops_cross
D:2:      layout_basic, ashenzari_conservatory_becter,
          nicolae_overflow_hidden_temple, first_ration
D:3:      layout_basic, nicolae_qazlal_general_emergency, old_standard_altar
D:4:      layout_basic, uniq_sigmund, uniq_pikel
D:5:      lemuel_castle_with_subvaults [lemuel_castle_interior_carwin_1],
          layout_loops_ring, serial_shops, nicolae_shop_behind_doors,
          serial_park_tiny_1, trog_hazing_becter, uniq_grinder
D:6:      layout_basic, marbit_many_paths, uniq_duvessa
D:7:      layout_rooms, lemuel_crystal_altar, lemuel_round_altar,
          kennysheep_mini_moat, grunt_dithmenos_smoke_and_mirrors,
          temple_fountains, chequers_decorated_corner
D:8:      layout_basic, nemelex_xobeh_ov_fountains_minmay, serial_shops,
          kennysheep_mini, hangedman_pestilent_swarm, uniq_erica
D:9:      layout_cave_pools, ebering_ghost_inner_flame, minmay_circle_x
D:10:     layout_loops_cross, david_lair_generic, orc_0_dummy, serial_shops,
          shop
Temple:   corrupted_temple

Skill      XL: |  1  2  3  4  5  6  7  8  9 10 11 |
---------------+----------------------------------+-----
Unarmed Combat | 1 2 3 4 7 8 10 | 10.2
Shields        | 3 7 9 |  9.0
Fighting       | 3 7 8 |  8.0
Dodging        | |  1.5
Stealth        | |  1.0
Spellcasting   | |  1.2
Necromancy     | |  3.2

Action                   |  1- 3 |  4- 6 |  7- 9 | 10-12 || total
-------------------------+-------+-------+-------+-------++-------
Melee: Unarmed           |   127 |   102 |   610 |   342 ||  1181
       Punch             |       |     1 |    10 |       ||    11
 Cast: Pain              |       |       |     1 |       ||     1
Evoke: Wand              |       |       |       |     3 ||     3
  Use: Scroll            |       |       |    12 |     1 ||    13
       Potion            |       |       |     5 |       ||     5
 Stab: Sleeping          |     2 |       |       |     3 ||     5
  Eat: Chunk             |    13 |    11 |    40 |    34 ||    98
Armor: Robe              |    42 |    26 |   168 |    60 ||   296
Dodge: Dodged            |    46 |    45 |   227 |   120 ||   438
Block: Shield            |       |       |   212 |   169 ||   381

Table legend:
 A = Non-vault XP
 B = Vault XP
 C = Vault XP percentage of total XP
 D = Non-vault monster count
 E = Vault monster count
 F = Vault count percentage of total count
                 A         B        C        D         E       F
            +---------+---------+-------+---------+---------+-------
      Total |    9566 |    3737 |  28.1 |     259 |      71 |  21.5
            +---------+---------+-------+---------+---------+-------
        D:1 |      44 |       0 |   0.0 |      22 |       0 |   0.0
        D:2 |      82 |       0 |   0.0 |      25 |       0 |   0.0
        D:3 |     100 |       0 |   0.0 |      21 |       0 |   0.0
        D:4 |      89 |     888 |  90.9 |      12 |       4 |  25.0
        D:5 |    1099 |    1038 |  48.6 |      37 |      59 |  61.5
        D:6 |    1126 |     218 |  16.2 |      31 |       2 |   6.1
        D:7 |    1264 |       0 |   0.0 |      23 |       0 |   0.0
        D:8 |    1701 |    1317 |  43.6 |      22 |       5 |  18.5
        D:9 |    3557 |     276 |   7.2 |      58 |       1 |   1.7
       D:10 |     504 |       0 |   0.0 |       8 |       0 |   0.0
            +---------+---------+-------+---------+---------+-------
